 Dungeon Crawl Stone Soup version 0.31-a0-620-gd1cbd99268 (webtiles) character file.

Game seed: 8858530158119454965

95 kae the Changeling (level 4, -6/36 HPs)
             Began as a Draconian Shapeshifter on Aug 23, 2023.
             Mangled by a gnoll
             ... wielding a +0 flail
              (10 damage)
             ... on level 2 of the Dungeon.
             The game lasted 00:01:21 (1536 turns).

kae the Changeling (Draconian Shapeshifter)         Turns: 1536, Time: 00:01:22

Health: -6/36      AC:  5    Str: 17    XL:     4   Next: 40%
Magic:  4/4        EV: 12    Int:  8    God:
Gold:   45         SH:  0    Dex: 14    Spells: 3/3 levels left

rFire   . .          .
                       - Unarmed
rCold   . . .        (no shield)
rNeg    . . .        (body armour unavailable)
rPois   .            (helmet currently unavailable)
rElec   .            (cloak currently unavailable)
rCorr   .            (gloves currently unavailable)
SInv    .            (boots currently unavailable)
Will    .....        (no amulet)
Stlth   +            (no ring)
HPRegen 0.26/turn    (no ring)
MPRegen 0.09/turn

%: no passive effects
@: beast-form
A: beast (slay +2), AC +5, unfitting armour, cold-blooded
a: Begin Untransformation


You were on level 2 of the Dungeon.
You were a hulking beast.
You visited 1 branch of the dungeon, and saw 2 of its levels.

You collected 45 gold pieces.


Innate Abilities, Weirdness & Mutations

You are a hulking beast.
Your limbs bulge with bestial killing power. (Slay +2)
Your plain brown scales are hard. (AC +5)
You cannot fit into any form of body armour.
You are cold-blooded and may be slowed by cold attacks.


   Skills:
 - Level 2.0 Fighting
 - Level 1.7 Dodging
 + Level 3.7 Unarmed Combat
 * Level 4.2 Shapeshifting


You had 3 spell levels left.
You didn't know any spells.
Your spell library was empty.

Inventory:

Missiles
 h - 3 stones
Talismans
 b - a beast talisman (active)
 c - a flux talisman
Scrolls
 e - a scroll of noise {unknown}
 f - a scroll of blinking {unknown}
 j - a scroll of identify {unknown}
 l - 2 scrolls of poison {!r}
Potions
 a - a potion of lignification {!q}
 d - a potion of brilliance {unknown}
 g - a potion of mutation {unknown}
 i - a potion of heal wounds {unknown}
 k - a potion of might {unknown}

Dungeon Overview and Level Annotations

Branches:
Dungeon (2/15) Zot: 10467

Altars:

. . .....# . ..... #....
..# ....#.# # ...#
....#.#### + ....#
#g#....... # .....
#g#.......
####.......#####h#.......
......#..........#.....!.
.)........######.#.......
.....................#+#
...#...................#
.).#.####.######.........
...#.####+######.........
.......#.................
.......#.....##.....##+##


You could see 2 gnolls.


Message History

You are too injured to fight recklessly!
You are too injured to fight recklessly!
There are monsters nearby!
You are too injured to fight recklessly!
You are too injured to fight recklessly!
There are monsters nearby!
Unknown command.
You are too injured to fight recklessly!
You are too injured to fight recklessly!
You are too injured to fight recklessly!
You are too injured to fight recklessly!
Unknown command.
Unknown command.
You closely miss the adder. The adder bites you but does no damage.
The frilled lizard closely misses you.
The orc hits you with a +0 short sword. 😮 HP[-4]
You take 4 damage, and now have 16/29 hp.
Unknown command.
You hit the adder.
You kill the adder!
The orc hits you with a +0 short sword.
* * * LOW HITPOINT WARNING * * *
The frilled lizard bites you but does no damage.
You have reached level 4!
You feel agile. 😨 HP[+1] MP[+1]
You now have 36 max hp (+7).
Your mp is fully restored (4).
You hit the frilled lizard. You tail-slap the frilled lizard.
You kill the frilled lizard!
The orc hits you but does no damage.
Unknown command. 😨 HP[+1]
You barely miss the orc. You punch the orc!
You kill the orc!
Unknown command.
Items here: ) [ ††. 😮 HP[+1]
You start resting. 😕 HP[+11]
You regained 11 hp, and now have 30/36 hp.
Unknown command.
You see here an adder corpse.
k - an emerald potion 😎 HP[+6]
Your hp is fully restored (36).
Unknown command.
l - a scroll of poison {!r} Key pressed, stopping explore.
No target in view!
No target in view!
l - 2 scrolls of poison {!r} (gained 1)
A gnoll comes into view.
It is wielding a +1 flail of protection.
The gnoll shouts!
A gnoll comes into view. It is wielding a +0 club. x2
A gnoll comes into view. It is wielding a +0 flail.
The gnoll shouts!
There are monsters nearby!
The gnoll shouts! x2
The gnoll hits you with a +1 flail of protection.
You hit the gnoll but do no damage. You tail-slap the gnoll.
The gnoll hits you with a +1 flail of protection! 😮 HP[-12]
You take 12 damage, and now have 24/36 hp.
MASSIVE DAMAGE!! (PAUSE)
You are too injured to fight recklessly!
You are too injured to fight recklessly!
You are too injured to fight recklessly!
You are too injured to fight recklessly!
You hit the gnoll. The gnoll completely misses you.
Unknown command.
You punch the gnoll!
You kill the gnoll! 😮 HP[+1]
You punch the gnoll! You tail-slap the gnoll.
The gnoll hits you with a +0 club. 😮 HP[-5]
You take 5 damage, and now have 20/36 hp.
You hit the gnoll. The gnoll hits you with a +0 club.
* * * LOW HITPOINT WARNING * * *
😨 HP[-5]
You take 5 damage, and now have 15/36 hp.
Unknown command.
You hit the gnoll but do no damage. The gnoll barely misses you.
You hit the gnoll.
You kill the gnoll!
Unknown command.
You hit the gnoll.
Your tail-slap misses the gnoll.
The gnoll hits you with a +0 flail.
* * * LOW HITPOINT WARNING * * *
😨 HP[-5]
You take 5 damage, and now have 10/36 hp.
You barely miss the gnoll. The gnoll hits you with a +0 flail.
* * * LOW HITPOINT WARNING * * *
😱 HP[-6]
You take 6 damage, and now have 4/36 hp.
Unknown command.
You closely miss the gnoll. You tail-slap the gnoll.
The gnoll hits you with a +0 flail!
You die...

Skill      XL: |  1  2  3 |
---------------+----------+-----
Fighting       | 2 |  2.0
Shapeshifting  | 4 |  4.2
Dodging        | |  1.7
Unarmed Combat | |  3.7

Action                     |  1- 3 |  4- 6 || total
---------------------------+-------+-------++-------
  Melee: Unarmed           |    76 |    13 ||    89
         Tailslap          |     7 |     4 ||    11
         Punch             |     3 |       ||     3
    Use: Scroll            |     2 |       ||     2
   Stab: Sleeping          |     1 |       ||     1
 Armour: Skin              |    14 |     1 ||    15
  Dodge: Dodged            |    63 |     2 ||    65

Levels and vault maps discovered:
D:1:      lemuel_arrival_broad_hall, layout_basic,
          hellmonk_ecumenical_altar_pennies_from_heaven, grunt_decor_clamped
D:2:      layout_basic, minmay_pentomino_r4

Notes
Turn   | Place    | Note
-------+----------+-------------------------------------------
     0 | D:1      | kae the Draconian Shapeshifter began the quest for the Orb.
     0 | D:1      | Reached XP level 1. HP: 16/16 MP: 1/1
     0 | D:1      | magus.rc [v1.11.3]
   241 | D:1      | Reached XP level 2. HP: 23/23 MP: 2/2
   295 | D:1      | Found a faded altar of an unknown god.
  1191 | D:2      | Reached XP level 3. HP: 29/29 MP: 3/3
  1227 | D:2      | Reached skill level 2 in Fighting
  1423 | D:2      | Reached skill level 4 in Shapeshifting
  1432 | D:2      | Reached XP level 4. HP: 17/36 MP: 4/4
  1535 | D:2      | HP: 4/36 [gnoll/+0 flail (6)]
  1536 | D:2      | Mangled by a gnoll

Vanquished Creatures
  4 adders (D:2)
  2 gnolls (D:2)
  A dart slug (D:1)
  An orc (D:2)
  5 ball pythons (D:1)
  2 endoplasms (D:1)
  3 giant cockroaches (D:1)
  4 goblins
  2 hobgoblins (D:1)
  4 jackals (D:2)
  2 kobolds
  3 bats
  A frilled lizard (D:2)
  4 rats
38 creatures vanquished.

Table legend:
 A = Non-vault XP
 B = Vault XP
 C = Vault XP percentage of total XP
 D = Non-vault monster count
 E = Vault monster count
 F = Vault count percentage of total count
                 A         B        C        D         E       F
            +---------+---------+-------+---------+---------+-------
      Total |     106 |      31 |  22.6 |      34 |       4 |  10.5
            +---------+---------+-------+---------+---------+-------
        D:1 |      36 |       0 |   0.0 |      20 |       0 |   0.0
        D:2 |      70 |      31 |  30.7 |      14 |       4 |  22.2
            +---------+---------+-------+---------+---------+-------

Skill      XL: |  1  2  3 |
---------------+----------+-----
Fighting       | 2 |  2.0
Shapeshifting  | 4 |  4.2
Dodging        | |  1.7
Unarmed Combat | |  3.7

Action                     |  1- 3 |  4- 6 || total
---------------------------+-------+-------++-------
  Melee: Unarmed           |    76 |    13 ||    89
         Tailslap          |     7 |     4 ||    11
         Punch             |     3 |       ||     3
    Use: Scroll            |     2 |       ||     2
   Stab: Sleeping          |     1 |       ||     1
 Armour: Skin              |    14 |     1 ||    15
  Dodge: Dodged            |    63 |     2 ||    65

Illustrated notes

Table legend:
 A = Kills in this place as a percentage of kills in the entire game.
 B = Kills by you in this place as a percentage of kills by you in the entire game.
 C = Kills by friends in this place as a percentage of kills by friends in the entire game.
 D = Other kills in this place as a percentage of other kills in the entire game.
 E = Experience gained in this place as a percentage of experience gained in the entire game.
 F = Experience gained in this place divided by the number of levels of this place that you have seen.
                   A       B       C       D       E      F
               +-------+-------+-------+-------+-------+----------------------
         Total | 100.0 | 100.0 |   N/A |   N/A | 100.0 |  68.5
       Dungeon | 100.0 | 100.0 |   N/A |   N/A | 100.0 |  68.5
               +-------+-------+-------+-------+-------+----------------------

Table legend: (Time is in decaauts)
 A = Elapsed time spent in this place.
 B = Non-inter-level travel time spent in this place.
 C = Inter-level travel time spent in this place.
 D = Time resting spent in this place.
 E = Time spent auto-exploring this place.
 F = Levels seen in this place.
 G = Mean time per level.
                   A        B        C        D        E       F      G
               +--------+--------+--------+--------+--------+-----+--------+
         Total |   1531 |   1513 |     18 |     42 |   1270 |   2 |  765.5 |
       Dungeon |   1531 |   1513 |     18 |     42 |   1270 |   2 |  765.5 |
               +--------+--------+--------+--------+--------+-----+--------+

Top non-repeatable levels by time:
     D:1: 1172 daAuts
     D:2: 358 daAuts
